 Dungeon Crawl Stone Soup version 0.25.1-2-g60ff931df9 (webtiles) character file.

Game seed: 2724556476263647310

30 Kaliet the Sneak (level 3, -3/18 HPs)
             Began as a Spriggan Assassin on Nov 8, 2020.
             Slain by a crimson imp (4 damage)
             ... on level 2 of the Dungeon.
             The game lasted 00:03:30 (825 turns).

Kaliet the Sneak (Spriggan Assassin)                 Turns: 825, Time: 00:03:32

Health: -3/18      AC:  3    Str:  7    XL:     3   Next: 3%
Magic:  4/4        EV: 17    Int: 12    God:
Gold:   16         SH:  0    Dex: 18    Spells: 2/2 levels left

rFire    . . .     SeeInvis +   a - +2 dagger
rCold    . . .     Gourm    .   (shield restricted)
rNeg     . . .     Faith    .   b - +0 robe
rPois    .         Spirit   .   (helmet restricted)
rElec    .         Reflect  .   c - +0 cloak
rCorr    .         Harm     .   (gloves unavailable)
MR       .....                  (boots unavailable)
Stlth    ++++......             (no amulet)
HPRegen  0.06/turn              (no ring)
MPRegen  0.09/turn              (no ring)

@: very quick
A: very small, unfitting armour, see invisible, herbivore, speed 3, slow
metabolism 2
a: no special abilities


You were on level 2 of the Dungeon.
You were not hungry.

You visited 1 branch of the dungeon, and saw 2 of its levels.

You collected 16 gold pieces.

Inventory:

Hand Weapons
 a - a +2 dagger (weapon)
Missiles
 d - 8 poisoned darts (quivered)
 e - 2 curare-tipped darts
Armour
 b - a +0 robe (worn)
 c - a +0 cloak (worn)
Jewellery
 g - a cursed amulet of inaccuracy
Scrolls
 h - a scroll of remove curse {unknown}
Comestibles
 f - a ration


   Skills:
 + Level 1.5 Fighting
 + Level 2.3 Short Blades
 + Level 2.3 Throwing
 + Level 1.7 Dodging
 + Level 7.1 Stealth


You had 2 spell levels left.
You didn't know any spells.
Your spell library was empty.

Dungeon Overview and Level Annotations

Branches:
Dungeon (1/15)

Altars:


Innate Abilities, Weirdness & Mutations

You are very small and have problems with some larger weapons.
You are too small for most types of armour.
You have supernaturally acute eyesight. (SInv)
You are a herbivore.
You cover ground extremely quickly.
You need to consume almost no food.


Message History

The crimson imp hits you but does no damage.
You hit the crimson imp but do no damage.
The crimson imp hits you.
* * * LOW HITPOINT WARNING * * *
You hit the crimson imp.
The crimson imp is lightly wounded.
You hit the crimson imp but do no damage.
The crimson imp is lightly wounded.
The crimson imp completely misses you.
You barely miss the crimson imp.
The crimson imp is lightly wounded.
The crimson imp blinks!
The crimson imp misses you.
You hit the crimson imp.
The crimson imp is lightly wounded.
The crimson imp closely misses you.
You hit the crimson imp.
The crimson imp is lightly wounded.
The crimson imp hits you.
You die...

.. ....# .. #. ...
.##.#..# #.##. ...#
.......#.#..#.# ...#
............... ..#
...............###.#
............#......#
........≈≈..##.#..#
.......≈..≈.##....#
...≈≈..≈..≈≈≈##.@5##
.†≈..≈..≈..≈≈≈#....#
..≈†.≈⌠.≈...≈≈#.##.#
...†.⌠≈..≈..≈≈#....#
≈..≈..≈..≈..≈≈#.#..#
≈≈..≈..≈≈...≈##.##.#####
.≈..≈.......##.........#
..≈≈........##.###..##....
............#..###...# ..


You could see a crimson imp.

Vanquished Creatures
  2 dart slugs (D:1)
  2 giant cockroaches
  2 goblins (D:1)
  4 hobgoblins
  4 jackals (D:1)
  A kobold (D:1)
  2 bats (D:2)
  4 frilled lizards
  2 rats (D:1)
23 creatures vanquished.

Notes
Turn   | Place    | Note
-------+----------+-------------------------------------------
     0 | D:1      | Kaliet the Spriggan Assassin began the quest for the Orb.
     0 | D:1      | Reached XP level 1. HP: 10/10 MP: 2/2
    23 | D:1      | Reached skill level 6 in Stealth
   106 | D:1      | Reached XP level 2. HP: 14/14 MP: 3/3
   637 | D:1      | You fall into a shaft and drop 1 floor!
   687 | D:2      | Reached skill level 7 in Stealth
   752 | D:2      | Reached XP level 3. HP: 3/18 MP: 4/4
   825 | D:2      | Slain by a crimson imp

Illustrated notes

Levels and vault maps discovered:
D:1:      ebering_trefoil_3fold, layout_basic, glass_columns_a, corner_web_ring,
          chequers_avenue
D:2:      cheibrodos_helix_gallery, layout_rooms, first_ration,
          minmay_misc_feat_iff

Skill      XL: |  1  2 |
---------------+-------+-----
Stealth        | 6 7 |  7.1
Fighting       | |  1.5
Short Blades   | |  2.3
Throwing       | |  2.3
Dodging        | |  1.7

Action                   || total
-------------------------++-------
Melee: Dagger            ||    97
  Use: Scroll            ||     3
 Stab: Sleeping          ||     4
Armor: Robe              ||    19
Dodge: Dodged            ||    80
